 Dungeon Crawl Stone Soup version 0.26.1-11-gd32895ea62 (webtiles) character file.

Game seed: 15897013887360417622

451 nomophobia the Chopper (level 6, -6/49 HPs)
             Began as a Demonspawn Berserker on May 21, 2021.
             Was a Priest of Trog.
             Mangled by Grinder (9 damage)
             ... on level 4 of the Dungeon.
             The game lasted 00:32:02 (4786 turns).

nomophobia the Chopper (Demonspawn Berserker)       Turns: 4786, Time: 00:32:02

Health: -6/49      AC:  4    Str: 19    XL:     6   Next: 75%
Magic:  6/6        EV: 12    Int:  9    God:    Trog [***...]
Gold:   207        SH:  0    Dex: 12    Spells: 5/5 levels left

rFire    . . .     SeeInvis .   a - +0 hand axe
rCold    . . .     Faith    .   (no shield)
rNeg     . . .     Spirit   .   b - +0 animal skin
rPois    .         Reflect  .   (helmet restricted)
rElec    .         Harm     .   (no cloak)
rCorr    .         Rampage  .   j - +1 pair of gloves
Will     .....                  (no boots)
Stlth    +.........             (no amulet)
HPRegen  0.16/turn              (no ring)
MPRegen  0.10/turn              (no ring)

@: berserk cooldown, slowed, very slow
A: antennae 1, demonic guardian 1
a: Renounce Religion, Berserk, Trog's Hand


You were on level 4 of the Dungeon.
You worshipped Trog.
Trog was most pleased with you.
You visited 1 branch of the dungeon, and saw 4 of its levels.

You collected 207 gold pieces.

Inventory:

Hand Weapons
 a - a +0 hand axe (weapon)
Armour
 b - a +0 animal skin (worn)
 j - a +1 pair of gloves (worn)
Wands
 e - a wand of polymorph (3)
Scrolls
 f - a scroll of enchant armour
 h - a scroll of amnesia
 i - a scroll of remove curse
Potions
 c - 3 potions of curing {unknown}
 d - a potion of invisibility {unknown}
 g - a potion of flight {unknown}
 k - a potion of magic {unknown}


   Skills:
 + Level 4.3 Fighting
 * Level 4.8 Axes
 * Level 4.4 Armour
 - Level 1.7 Dodging


You had 5 spell levels left.
You didn't know any spells.
Your spell library was empty.

Dungeon Overview and Level Annotations

Branches:
Dungeon (4/15)
 Temple: D:4-7

Altars:
Elyvilon
Kikubaaqudgha
Nemelex Xobeh
Trog
Wu Jian
Yredelemnul

Annotations:
D:4 2 transporters, Grinder, Menkaure


Innate Abilities, Weirdness & Mutations

You have a pair of small antennae on your head.
A weak demonic guardian rushes to your aid.


Message History

Your ufetubus completely misses Grinder.
Your ufetubus barely misses Grinder.
Grinder blinks!
You feel a strong urge to attack something.
Grinder blinks!
You feel your anger nearly subside. Grinder gestures at you.
Pain shoots through your body!
* * * LOW HITPOINT WARNING * * *
You are no longer berserk.
You are exhausted.
You feel yourself slow down. Grinder hits you.
* * * LOW HITPOINT WARNING * * *
You writhe in agony.
* * * LOW HITPOINT WARNING * * *
You hit Grinder.
Grinder is severely wounded.
Your ufetubus disappears in a puff of smoke!
Grinder says, "My boss said I was rubbish.
His entrails said otherwise."
Grinder hits you!
You die...

........# #..###..#
#..'_+..# #..###..# .
#......# .. #......#
.... #.†.######
#######.... #..........#
#..5.......
#..........###..@§......
#÷...............5...###
#.......)..##........#
.#####...............#
## #...............#
#####.................
#...........[####......
#............# ......
#............# ......


You could see Grinder and a friendly ufetubus (summoned).

Vanquished Creatures
  A phantom (D:3)
  A scorpion (D:4)
  Crazy Yiuf (D:3)
  An orc priest (D:3)
  2 orc wizards (D:3)
  A worker ant (D:4)
  A howler monkey skeleton (D:4)
  10 adders
  An ooze (D:2)
  3 worms
  5 leopard geckos
  9 orcs
  6 ball pythons (D:4)
  2 bats (D:2)
  4 giant cockroaches
  3 goblins
  6 hobgoblins
  11 kobolds
  3 quokkas
  3 frilled lizards
  5 rats
79 creatures vanquished.

Vanquished Creatures (collateral kills)
  A worker ant (D:4)
  An adder (D:3)
  An orc (D:3)
  A giant cockroach (D:4)
  A goblin (D:3)
  A bat (D:3)
  A frilled lizard (D:4)
7 creatures vanquished.

Grand Total: 86 creatures vanquished

Notes
Turn   | Place    | Note
-------+----------+-------------------------------------------
     0 | D:1      | nomophobia the Demonspawn Berserker began the quest for the
                  | Orb.
     0 | D:1      | Reached XP level 1. HP: 18/18 MP: 1/1
   228 | D:1      | Gained mutation: A weak demonic guardian rushes to your
                  | aid. [demonic ancestry]
   228 | D:1      | Reached XP level 2. HP: 19/24 MP: 2/2
   410 | D:1      | Found a sparkling altar of Nemelex Xobeh.
   461 | D:2      | Found a bloodstained altar of Trog.
   854 | D:2      | Gained mutation: You have a pair of small antennae on your
                  | head. [demonic ancestry]
   854 | D:2      | Reached XP level 3. HP: 17/29 MP: 3/3
  1277 | D:2      | Reached ** piety under Trog
  2087 | D:3      | Reached XP level 4. HP: 32/35 MP: 4/4
  2240 | D:3      | Noticed a phantom
  2254 | D:3      | Killed a phantom
  2255 | D:3      | Reached XP level 5. HP: 30/42 MP: 5/5
  2727 | D:3      | Found an ornate altar of the Wu Jian Council.
  2985 | D:3      | Reached *** piety under Trog
  3000 | D:3      | Found a runed translucent door.
  3001 | D:3      | Noticed Crazy Yiuf
  3062 | D:3      | Killed Crazy Yiuf
  3063 | D:3      | Reached XP level 6. HP: 42/48 MP: 6/6
  3635 | D:4      | Found a white marble altar of Elyvilon.
  4724 | D:4      | Found a transporter.
  4726 | D:4      | Found a transporter.
  4739 | D:4      | Found a basalt altar of Yredelemnul.
  4743 | D:4      | Noticed Menkaure
  4749 | D:4      | Found an ancient bone altar of Kikubaaqudgha.
  4771 | D:4      | Noticed Grinder
  4786 | D:4      | Mangled by Grinder

Illustrated notes

Levels and vault maps discovered:
D:1:      ebering_trefoil_twist, layout_rooms, nemelex_diamond_rough_becter
D:2:      layout_basic, overflow_temple_1_default,
          chequers_ecumenical_altar_grove
D:3:      layout_loops_cross, lemuel_doored_altar, kennysheep_boxes,
          uniq_crazy_yiuf_cottage
D:4:      layout_basic, kennysheep_mini_moat, gammafunk_temple_of_torment,
          minmay_snake_closets, uniq_grinder

Skill      XL: |  1  2  3  4  5  6 |
---------------+-------------------+-----
Armour         | 2 3 4 |  4.4
Axes           | 3 4 |  4.8
Fighting       | 4 |  4.3
Dodging        | |  1.7

Action                   |  1- 3 |  4- 6 || total
-------------------------+-------+-------++-------
Melee: Hand axe          |   107 |   233 ||   340
Invok: Berserk           |     3 |     5 ||     8
  Use: Scroll            |     5 |     2 ||     7
 Stab: Distracted        |     1 |       ||     1
       Sleeping          |     2 |       ||     2
Armor: Animal skin       |    13 |    35 ||    48
Dodge: Dodged            |    55 |   136 ||   191
